 Dungeon Crawl Stone Soup version 0.22.1-1-ga44c0e5 (webtiles) character file.

1655 brandon the Conjurer (level 8, -4/48 HPs)
             Began as a Deep Elf Fire Elementalist on Oct 7, 2018.
             Was an Initiate of Vehumet.
             Slain by a water moccasin (10 damage)
             ... on level 5 of the Dungeon.
             The game lasted 00:14:32 (5503 turns).

brandon the Conjurer (Deep Elf Fire Elementalist)   Turns: 5503, Time: 00:14:32

Health: -4/48      AC:  4    Str:  5    XL:     8   Next: 68%
Magic:  1/20       EV: 13    Int: 23    God:    Vehumet [......]
Gold:   285        SH:  0    Dex: 15    Spells: 3/21 levels left

rFire    . . .     SeeInvis .   n - +2 dagger (venom)
rCold    . . .     Gourm    .   (no shield)
rNeg     . . .     Faith    .   a - +0 robe
rPois    .         Spirit   .   r - +0 helmet
rElec    .         Reflect  .   (no cloak)
rCorr    .         Harm     .   p - +0 pair of gloves
MR       .....                  (no boots)
Stlth    ++........             (no amulet)
HPRegen  0.16/turn              (no ring)
MPRegen  0.17/turn              (no ring)

@: lethally poisoned (-4 -> -35), very slightly contaminated
A: no striking features
a: Renounce Religion


You were on level 5 of the Dungeon.
You worshipped Vehumet.
Vehumet was noncommittal.
You were hungry.

You visited 2 branches of the dungeon, and saw 6 of its levels.

You collected 285 gold pieces.

Inventory:

Hand Weapons
 n - a +2 dagger of venom (weapon)
Armour
 a - a +0 robe (worn)
 p - a +0 pair of gloves (worn)
 r - a +0 helmet (worn)
Jewellery
 u - an uncursed ring of protection from fire {unknown}
Scrolls
 d - a scroll of enchant armour {unknown}
 e - a scroll of blinking {unknown}
 f - 7 scrolls of identify {unknown}
 h - a scroll of fear {unknown}
 k - 5 scrolls of remove curse {unknown}
 m - a scroll of enchant weapon {unknown}
 s - 5 scrolls of teleportation {unknown}
 t - a scroll of immolation {unknown}
Potions
 g - a potion of flight {unknown}
 i - a potion of brilliance {unknown}
 j - a potion of invisibility {unknown}
 l - a potion of agility
 o - a potion of degeneration {unknown}
 q - a potion of mutation {unknown}
 v - a potion of resistance {unknown}
Comestibles
 b - a chunk of flesh
 c - 4 rations


   Skills:
 * Level 4.0 Fighting
 - Level 2.4 Dodging
 - Level 2.4 Stealth
 * Level 7.2 Spellcasting
 + Level 7.4 Conjurations
 + Level 1.3 Hexes
 + Level 6.2 Fire Magic


You had 3 spell levels left.
You knew the following spells:

 Your Spells              Type           Power        Failure   Level  Hunger
a - Flame Tongue          Conj/Fire      #####        1%          1    None
b - Throw Flame           Conj/Fire      #####.       1%          2    None
c - Conjure Flame         Conj/Fire      #####...     1%          3    None
d - Sticky Flame          Conj/Fire      #####...     4%          4    ###....
e - Fireball              Conj/Fire      #####.....   12%         5    #####..
f - Tukima's Dance        Hex            ##......     13%         3    None

Your spell library contained the following spells:

 Spells                   Type           Power        Failure   Level  Hunger
 Dazzling Spray           Conj/Hex       ####..       3%          3    None
 Corona                   Hex            ##.....      4%          1    None
 Inner Flame              Hex/Fire       ####....     4%          3    None
 Ensorcelled Hibernation  Hex/Ice        ##....       9%          2    None
 Confuse                  Hex            ##......     13%         3    None


Dungeon Overview and Level Annotations

Branches:
Dungeon (5/15)             Temple (1/1) D:4

Altars:
Ashenzari
Cheibriados
Fedhas
Kikubaaqudgha
Makhleb
Nemelex Xobeh
Okawaru
Qazlal
Ru
Sif Muna
Trog
Uskayaw
Vehumet
Wu Jian
Xom
Yredelemnul
Zin
The Shining One

Shops:
D:5 *

Annotations:
D:5 1 transporter


Message History

You don't have enough magic to cast that spell.
Unknown command.
You hit the water moccasin but do no damage.
The water moccasin is almost dead.
* * * LOW HITPOINT WARNING * * *
You feel sick.
The water moccasin burns!
The water moccasin stops burning.
The water moccasin misses you.
You hit the water moccasin but do no damage.
The water moccasin is almost dead.
* * * LOW HITPOINT WARNING * * *
You feel sick. The water moccasin bites you.
* * * LOW HITPOINT WARNING * * *
You are more poisoned.
The water moccasin poisons you!
You miss the water moccasin.
The water moccasin is almost dead.
* * * LOW HITPOINT WARNING * * *
You feel very sick. The water moccasin bites you!
You die...

#.# ### # #.###+##
######### #.##...#
....[...####.##.∩.#
........##.#.# ...
........##.#.# #'#
........'..#.# #)#
........##.#.###S####
#...............@...#
########...#.######.#..
##.....#.###....###....
##.#.#.#.###p.#.......#
##.#.#.....#.........#..
##.#####.#.##.######.# #
...#......[..<# .
.###.###..####### .# #.#
#.........


You could see a water moccasin.

Vanquished Creatures
  Pikel (D:5)
  A hippogriff (D:4)
  Menkaure (D:4)
  2 water moccasins (D:5)
  A sky beast (D:3)
  A slave (D:5)
  An ogre (D:4)
  3 crimson imps
  2 orc priests
  An orc wizard (D:4)
  A bullfrog skeleton (D:2)
  A centaur skeleton (D:5)
  An iguana (D:4)
  3 worker ants
  6 adders
  An ooze (D:3)
  2 worms
  A dart slug (D:2)
  3 leopard geckos
  10 orcs
  3 giant cockroaches (D:1)
  10 goblins
  11 hobgoblins
  3 jackals (D:4)
  6 kobolds
  3 quokkas
  3 ball pythons
  5 bats
  7 frilled lizards
  9 rats
103 creatures vanquished.

Vanquished Creatures (others)
  Sigmund (D:5)
1 creature vanquished.

Grand Total: 104 creatures vanquished

Notes
Turn   | Place    | Note
-------+----------+-------------------------------------------
     0 | D:1      | brandon the Deep Elf Fire Elementalist began the quest for
                  | the Orb.
     0 | D:1      | Reached XP level 1. HP: 10/10 MP: 6/6
   201 | D:1      | Reached XP level 2. HP: 14/16 MP: 4/8
   235 | D:1      | Learned a level 2 spell: Throw Flame
   939 | D:2      | Reached XP level 3. HP: 20/20 MP: 6/9
   944 | D:2      | Learned a level 3 spell: Conjure Flame
  1102 | D:2      | Reached skill level 1 in Fighting
  1102 | D:2      | Reached XP level 4. HP: 5/25 MP: 0/11
  1680 | D:2      | Found a snail-covered altar of Cheibriados.
  2677 | D:3      | Noticed a sky beast
  2785 | D:4      | Reached XP level 5. HP: 17/29 MP: 7/13
  2957 | D:4      | Learned a level 4 spell: Sticky Flame
  3083 | D:4      | Noticed Menkaure
  3088 | D:4      | Killed Menkaure
  3088 | D:4      | Reached XP level 6. HP: 35/35 MP: 8/15
  3155 | D:4      | Reached skill level 5 in Spellcasting
  3344 | D:4      | Found a staircase to the Ecumenical Temple.
  3350 | Temple   | Entered the Ecumenical Temple
  3489 | D:4      | Reached skill level 5 in Conjurations
  3547 | D:4      | Found a burning altar of Makhleb.
  3548 | D:4      | Found a radiant altar of Vehumet.
  3566 | D:4      | Became a worshipper of Vehumet
  3592 | D:4      | Reached XP level 7. HP: 16/40 MP: 16/16
  3895 | D:4      | Noticed a hippogriff
  3907 | D:4      | Killed a hippogriff
  3907 | D:4      | Reached skill level 5 in Fire Magic
  4196 | D:5      | Entered Level 5 of the Dungeon
  4682 | D:5      | Found a transporter.
  4688 | D:5      | Noticed Pikel
  4696 | D:5      | Learned a level 5 spell: Fireball
  4755 | D:5      | Killed Pikel
  4755 | D:5      | Reached XP level 8. HP: 46/46 MP: 2/19
  5258 | D:3      | Found a glowing silver altar of Zin.
  5318 | D:3      | Found a stormy altar of Qazlal.
  5318 | D:3      | Found a shattered altar of Ashenzari.
  5466 | D:5      | Killed Sigmund
  5467 | D:5      | Learned a level 3 spell: Tukima's Dance
  5489 | D:5      | Found Wuokkaon's Serpentskin Sales.
  5497 | D:5      | Reached skill level 1 in Hexes
  5503 | D:5      | Slain by a water moccasin

Skill      XL: |  1  2  3  4  5  6  7  8 |
---------------+-------------------------+-----
Conjurations   | 2 3 4 5 6 7 |  7.4
Fighting       | 1 2 3 4 |  4.0
Spellcasting   | 4 5 6 7 |  7.2
Fire Magic     | 4 5 6 |  6.2
Hexes          | 1 |  1.3
Dodging        | |  2.4
Stealth        | |  2.4

Action                   |  1- 3 |  4- 6 |  7- 9 || total
-------------------------+-------+-------+-------++-------
Melee: Unarmed           |     3 |       |       ||     3
       Dagger            |    21 |    35 |    81 ||   137
 Cast: Flame Tongue      |    47 |    87 |    39 ||   173
       Throw Flame       |    10 |    11 |     4 ||    25
       Conjure Flame     |       |     4 |     4 ||     8
       Sticky Flame      |       |     2 |     5 ||     7
       Fireball          |       |       |     4 ||     4
 Stab: Sleeping          |       |     1 |       ||     1
  Eat: Chunk             |     1 |     8 |     4 ||    13
       Ration            |       |       |     1 ||     1
Armor: Robe              |     8 |    13 |    17 ||    38
Dodge: Dodged            |    32 |    37 |    50 ||   119
